 Dungeon Crawl Stone Soup version 0.27-a0-412-g8dd771eca2 (webtiles) character file.

Game seed: 2800325458860757124

53 Morbidden the Skirmisher (level 3, -1/29 HPs)
             Began as a Demonspawn Monk on Feb 24, 2021.
             Slain by a centaur zombie (7 damage)
             ... on level 2 of the Dungeon.
             The game lasted 00:01:39 (1285 turns).

Morbidden the Skirmisher (Demonspawn Monk)          Turns: 1285, Time: 00:01:39

Health: -1/29      AC:  2    Str: 11    XL:     3   Next: 62%
Magic:  3/3        EV: 13    Int: 12    God:
Gold:   43         SH:  0    Dex: 15    Spells: 2/2 levels left

rFire    . . .     SeeInvis .     - Unarmed
rCold    . . .     Faith    .   (no shield)
rNeg     . . .     Spirit   .   f - +0 robe
rPois    .         Reflect  .   (no helmet)
rElec    .         Harm     .   (no cloak)
rCorr    .         Rampage  .   (no gloves)
Will     .....                  (no boots)
Stlth    ++........             (no amulet)
HPRegen  0.09/turn              (no ring)
MPRegen  0.08/turn              (no ring)

@: no status effects
A: claws 1, foul stench 1
a: no special abilities


You were on level 2 of the Dungeon.
You visited 1 branch of the dungeon, and saw 2 of its levels.

You collected 43 gold pieces.

Inventory:

Hand Weapons
 a - a +0 hunting sling
Armour
 f - a +0 robe (worn)
Scrolls
 e - a scroll of noise {unknown}
Potions
 b - a potion of heal wounds
 c - a potion of curing {unknown}
 d - a potion of brilliance {unknown}


   Skills:
 * Level 3.6 Fighting
 + Level 2.9 Dodging
 + Level 2.1 Stealth
 * Level 3.4 Unarmed Combat


You had 2 spell levels left.
You didn't know any spells.
Your spell library was empty.

Dungeon Overview and Level Annotations

Branches:
Dungeon (2/15)

Altars:
Sif Muna

Annotations:
D:2 Robin


Innate Abilities, Weirdness & Mutations

You have sharp fingernails.
You may rarely emit foul miasma when damaged in melee.


Message History

You scratch the gnoll.
The gnoll is severely wounded.
The gnoll hits you from afar with a +0 halberd!
The gnoll closely misses you. The gnoll barely misses you.
You see here a +0 dagger.
Items here: ))) †.
Items here: ( ))).
You closely miss the gnoll.
The gnoll is heavily wounded.
The gnoll hits you.
You closely miss the gnoll.
The gnoll is heavily wounded.
The gnoll hits you!
* * * LOW HITPOINT WARNING * * *
You scratch the gnoll.
The gnoll is severely wounded.
The gnoll hits you!
* * * LOW HITPOINT WARNING * * *
Unknown command.
Unknown command.
There is a shimmering blue altar of Sif Muna here.
You feel much better. The gnoll closely misses you. The gnoll hits you!
You claw the gnoll!
You kill the gnoll!
Okay, then.
Found a stone staircase leading down.
A centaur zombie comes into view.
A frilled lizard comes into view.
The centaur zombie hits you.
You scratch the centaur zombie.
The centaur zombie is lightly damaged.
The centaur zombie hits you.
* * * LOW HITPOINT WARNING * * *
You completely miss the centaur zombie.
The centaur zombie is lightly damaged.
The centaur zombie hits you.
* * * LOW HITPOINT WARNING * * *
The gnoll misses you. The centaur zombie hits you!
You die...

......b<......#
......h....[..#####
.......g......#...#
...........##.#...#
...........##.#...#
......)....##.#...#####
#.........l#...........
........>......>...##
.............Z@gg.g.## .#
##..............###..##.#
#### #.........#....#
#..##.# #).. ... #....#
##..#.# #.## #
#....####..#.# #)#
#.........g).# #g#
#...######...# #g# #...#
###...####.# #..........#


You could see 3 gnolls, a centaur zombie and a frilled lizard.

Vanquished Creatures
  A gnoll (D:2)
  A dart slug (D:1)
  A leopard gecko (D:1)
  2 giant cockroaches (D:1)
  4 hobgoblins (D:1)
  A jackal (D:1)
  4 kobolds (D:1)
  A quokka (D:2)
  6 bats (D:1)
  A frilled lizard (D:1)
  9 goblins
  7 rats (D:1)
38 creatures vanquished.

Vanquished Creatures (others)
  4 toadstools (D:2)
4 creatures vanquished.

Grand Total: 42 creatures vanquished

Notes
Turn   | Place    | Note
-------+----------+-------------------------------------------
     0 | D:1      | Morbidden the Demonspawn Monk began the quest for the Orb.
     0 | D:1      | Reached XP level 1. HP: 18/18 MP: 1/1
   277 | D:1      | Gained mutation: You have sharp fingernails. [demonic
                  | ancestry]
   277 | D:1      | Reached XP level 2. HP: 24/24 MP: 2/2
   864 | D:1      | Gained mutation: You may rarely emit foul miasma when
                  | damaged in melee. [demonic ancestry]
   864 | D:1      | Reached XP level 3. HP: 26/29 MP: 3/3
   999 | D:2      | Found a shimmering blue altar of Sif Muna.
  1092 | D:2      | Noticed Robin
  1252 | D:2      | HP: 1/29 [gnoll (7)]
  1285 | D:2      | Slain by a centaur zombie

Illustrated notes

Levels and vault maps discovered:
D:1:      nzn_arrival_depleted_hourglass, layout_basic, serial_corexii_hall,
          corexii_hall_statues_i, chequers_hall_statues_wall_a,
          minmay_misc_feat_chi
D:2:      layout_basic, overflow_temple_1_default, old_standard_altar,
          minmay_gold_behind_fungi, uniq_robin, uniq_crazy_yiuf_cottage

Skill      XL: |  1  2 |
---------------+-------+-----
Stealth        | 2 |  2.1
Unarmed Combat | 3 |  3.4
Fighting       | |  3.6
Dodging        | |  2.9

Action                   || total
-------------------------++-------
Melee: Unarmed           ||   119
       Punch             ||     2
  Use: Potion            ||     2
 Stab: Sleeping          ||     5
Armor: Robe              ||    24
Dodge: Dodged            ||    77

Table legend: (Time is in decaauts)
 A = Elapsed time spent in this place.
 B = Non-inter-level travel time spent in this place.
 C = Inter-level travel time spent in this place.
 D = Time resting spent in this place.
 E = Time spent auto-exploring this place.
 F = Levels seen in this place.
 G = Mean time per level.
                   A        B        C        D        E       F      G
               +--------+--------+--------+--------+--------+-----+--------+
         Total |   1275 |   1246 |     29 |      0 |    955 |   2 |  637.5 |
       Dungeon |   1275 |   1246 |     29 |      0 |    955 |   2 |  637.5 |
               +--------+--------+--------+--------+--------+-----+--------+

Top non-repeatable levels by time:
     D:1: 983 daAuts
     D:2: 292 daAuts
